 Dungeon Crawl Stone Soup version 0.28.0-43-g3370ac3207 (webtiles) character file.

Game seed: 1472234130971534594

39 RascalDebosk the Conjurer (level 3, -7/19 HPs)
             Began as a Deep Elf Conjurer on Mar 23, 2022.
             Mangled by a gnoll shaman
             ... wielding a +0 whip
              (11 damage)
             ... on level 2 of the Dungeon.
             The game lasted 00:10:12 (853 turns).

RascalDebosk the Conjurer (Deep Elf Conjurer)        Turns: 853, Time: 00:10:12

Health: -7/19      AC:  4    Str:  4    XL:     3   Next: 26%
Magic:  4/10       EV: 12    Int: 24    God:
Gold:   80         SH:  0    Dex: 13    Spells: 6/9 levels left

rFire   . . .      SeeInvis .   g - +0 dagger
rCold   . . .      Faith    .   (no shield)
rNeg    . . .      Spirit   .   a - +0 robe
rPois   .          Reflect  .   (no helmet)
rElec   .          Harm     .   d - +0 cloak
rCorr   .          Rampage  .   j - +0 pair of gloves
Will    .....                   (no boots)
Stlth   ++........              (no amulet)
HPRegen 0.06/turn               (no ring)
MPRegen 0.12/turn               (no ring)

@: no status effects
A: no striking features
a: no special abilities


You were on level 2 of the Dungeon.
You visited 1 branch of the dungeon, and saw 2 of its levels.

You collected 80 gold pieces.

Inventory:

Hand Weapons
 g - a +0 dagger (weapon)
Missiles
 b - 30 stones
Armour
 a - a +0 robe (worn)
 d - a +0 cloak (worn)
 j - a +0 pair of gloves (worn)
Magical Staves
 i - a staff of death
Scrolls
 e - a scroll of fear {unknown}
 f - a scroll of teleportation {unknown}
Potions
 c - a potion of lignification {unknown}
 h - a potion of heal wounds {unknown}


   Skills:
 + Level 2.9 Dodging
 + Level 3.1 Stealth
 + Level 3.5 Spellcasting
 + Level 4.6 Conjurations
 + Level 1.5 Hexes


You had 6 spell levels left.
You knew the following spells:

 Your Spells              Type           Power      Damage    Failure   Level
a - Magic Dart            Conj           100%       1d8       1%          1
b - Searing Ray           Conj           52%        2d6       2%          2

Your spell library contained the following spells:

 Spells                   Type           Power      Damage    Failure   Level
 Dazzling Flash           Conj/Hex       38%        N/A       9%          3
 Fulminant Prism          Conj/Hex       9%         3d7       28%         4
 Iskenderun's Mystic Bla  Conj/Tloc      15%        2d5       36%         4


Dungeon Overview and Level Annotations

Branches:
Dungeon (2/15)

Altars:


Message History

The gnoll throws a throwing net.
The throwing net hits you.
You become entangled in the net!
You struggle against the net.
You struggle against the net.
You struggle against the net.
You rip the net and break free!
There is a stone staircase leading up here.
You climb upwards.
There is a stone staircase leading down here.
You start resting.
Magic restored.
You climb downwards.
The gnoll closely misses you.
There is a stone staircase leading up here.
Aiming: Searing Ray (safe; 2% risk of failure)
Press: ? - help, Q - select action, (/) - cycle Shift-Dir - straight line, f - gnoll shaman
Aim: a gnoll shaman, wielding a +0 whip and wearing a +0 leather armour (82% to hit)
The searing ray hits the gnoll shaman.
The gnoll shaman is moderately wounded. (Press . to maintain the ray.)
The gnoll closely misses you.
The gnoll shaman hits you with a +0 whip.
The searing ray hits the gnoll shaman.
The gnoll shaman is heavily wounded.
The gnoll closely misses you.
The gnoll shaman mumbles some strange prayers to its god.
The gnoll shaman is healed somewhat.
Restarting spell: Searing Ray (safe; 2% risk of failure)
Press: ? - help, Q - select action, (/) - cycle Shift-Dir - straight line, f/p - gnoll shaman
Aim: a gnoll shaman, wielding a +0 whip and wearing a +0 leather armour (lightly wounded, 82% to hit)
The searing ray hits the gnoll shaman!
The gnoll shaman is severely wounded. (Press . to maintain the ray.)
The gnoll barely misses you.
The gnoll shaman hits you with a +0 whip.
The searing ray misses the gnoll shaman.
The gnoll hits you with a +0 whip!
* * * LOW HITPOINT WARNING * * *
The gnoll shaman hits you with a +0 whip!
Ouch! That really hurt!
You die...

..... ..... ..... ###
..... #.# .....######
#.# #........##
#######.### #........)#
#.........# #.........#
#.#g..#.#.# #.......).#
#.#@#.#.#.#
#.........###.g.....#.#
#.............#.......#
#........######.#.#####
#........# #.#...
#........# #.#.#.#
#........# #.###.#
.#+###+#.. #.# # ...
#..


You could see a gnoll shaman and a gnoll.

Vanquished Creatures
  2 gnolls (D:2)
  A dart slug (D:1)
  2 ball pythons (D:1)
  A bat (D:1)
  An endoplasm (D:1)
  A giant cockroach (D:1)
  2 goblins (D:1)
  2 hobgoblins (D:1)
  2 kobolds (D:1)
  A quokka (D:1)
  A rat (D:1)
16 creatures vanquished.

Notes
Turn   | Place    | Note
-------+----------+-------------------------------------------
     0 | D:1      | RascalDebosk the Deep Elf Conjurer began the quest for the
                  | Orb.
     0 | D:1      | Reached XP level 1. HP: 10/10 MP: 6/6
   309 | D:1      | Reached XP level 2. HP: 15/15 MP: 6/8
   312 | D:1      | Learned a level 2 spell: Searing Ray
   370 | D:1      | Reached skill level 1 in Hexes
   785 | D:2      | Reached XP level 3. HP: 19/19 MP: 3/9
   853 | D:2      | Mangled by a gnoll shaman

Illustrated notes

Levels and vault maps discovered:
D:1:      minmay_arrival_open_corners, layout_rooms
D:2:      layout_basic, uniq_robin, uniq_jessica

Skill      XL: |  1  2 |
---------------+-------+-----
Hexes          | 1 |  1.5
Stealth        | 3 |  3.1
Dodging        | |  2.9
Spellcasting   | |  3.5
Conjurations   | |  4.6

Action                   || total
-------------------------++-------
Melee: Unarmed           ||     2
       Dagger            ||     6
 Cast: Magic Dart        ||    25
       Searing Ray       ||     5
Armor: Robe              ||     2
Dodge: Dodged            ||    11
